Map: 만발의 정원 래더 (공허의 유산)

Players

Hurricane

  • Race: Protoss Protoss
  • League: Master
  • Spawn Location: 7:00

INnoVation - Winner!

  • Race: Terran Terran
  • League: Master
  • Spawn Location: 1:00

VOD

Have the link to the VOD?

Description

Time

  • Played on: Nov. 27, 2016, 4:01 a.m.
  • Length: 8:07
Show
View Real Time Build Order
Export as new Build Order

Hurricane Protoss 

Build Orders: 1 Gate Expand, Blink Stalkers 

Get SALT Encoding   

  12  0:00  Probe (Chrono Boost)  
  13  0:11  Probe (Chrono Boost)  
  14  0:17  Pylon  
  14  0:22  Probe (Chrono Boost)  
  15  0:35  Probe (Chrono Boost), Gateway  
  16  0:42  Assimilator  
  16  0:46  Probe (Chrono Boost)  
  17  0:56  Probe (Chrono Boost)  
  18  1:07  Probe (Chrono Boost)  
  19  1:17  Probe (Chrono Boost)  
  20  1:22  Nexus  
  20  1:31  Cybernetics Core  
  20  1:33  Probe (Chrono Boost)  
  20  1:38  Assimilator  
  21  1:44  Probe (Chrono Boost)  
  22  1:50  Pylon  
  22  1:54  Probe (Chrono Boost)  
  23  2:05  Warp Gate, Adept  
  23  2:10  Probe (Chrono Boost)  
  26  2:21  Robotics Facility  
  26  2:25  Probe (Chrono Boost)  
  27  2:31  Adept  
  30  2:38  Probe (Chrono Boost)  
  30  2:44  Probe (Chrono Boost)  
  31  2:48  Probe (Chrono Boost)  
  31  2:49  Twilight Council  
  32  2:54  Probe (Chrono Boost)  
  33  2:59  Probe (Chrono Boost)  
  33  3:05  Mothership Core (Chrono Boost)  
  36  3:09  Probe (Chrono Boost)  
  37  3:20  Probe (Chrono Boost), Observer  
  37  3:23  Probe (Chrono Boost)  
  38  3:30  Gateway, Blink  
  38  3:31  Probe (Chrono Boost)  
  40  3:34  Pylon, Gateway  
  40  3:35  Probe (Chrono Boost)  
  40  3:43  Probe (Chrono Boost)  
  40  3:47  Probe (Chrono Boost), Assimilator  
  42  3:53  Pylon  
  42  3:54  Observer  
  42  3:55  Probe (Chrono Boost)  
  43  3:59  Probe (Chrono Boost)  
  45  4:03  Assimilator  
  45  4:07  Probe (Chrono Boost)  
  45  4:09  Stalker  
  49  4:11  Probe (Chrono Boost)  
  49  4:14  Forge  
  45  4:19  Probe (Chrono Boost)  
  45  4:21  Observer  
  45  4:22  Probe (Chrono Boost)  
  48  4:28  Stalker  
  48  4:29  Probe (Chrono Boost)  
  51  4:33  Probe (Chrono Boost)  
  52  4:38  Stalker  
  52  4:40  Probe (Chrono Boost)  
  52  4:44  Probe (Chrono Boost), Immortal  
  55  4:52  Probe (Chrono Boost)  
  60  4:56  Probe (Chrono Boost)  
  61  5:01  Pylon x2  
  61  5:05  Protoss Ground Weapons Level 1  
  61  5:16  Pylon  
  61  5:18  Warp Prism  
  61  5:19  Sentry x2  
  61  5:20  Probe (Chrono Boost)  
  61  5:21  Probe (Chrono Boost), Stalker  
  71  5:29  Resonating Glaives  
  71  5:35  Gateway  
  70  5:38  Gateway  
  70  5:40  Gateway  
  70  5:43  Sentry  
  72  5:50  Adept x2  
  72  5:53  Observer  
  72  5:55  Pylon  
  77  6:06  Nexus  
  77  6:09  Pylon  
  77  6:12  Adept, Observer  
  77  6:18  Adept x2  
  84  6:25  Probe x2 (Chrono Boost)  
  86  6:34  Adept x2  
  86  6:35  Adept x2  
  86  6:36  Immortal  
  98  6:51  Probe x2 (Chrono Boost)  
  98  6:53  Pylon  
  100  6:57  Pylon  
  88  7:08  Adept  
  88  7:09  Adept x3  
  88  7:11  Adept x2  
  88  7:15  Immortal  
  82  7:25  Adept  
  82  7:26  Adept  
  84  7:30  Adept x3, Sentry  
  88  7:43  Robotics Bay  
  88  7:50  Adept, Stalker  
  88  7:51  Adept, Sentry  
  86  7:55  Adept x2  
Show
View Real Time Build Order
Export as new Build Order

INnoVation Terran - Winner!

Build Orders: Reaper Expand, MMM Bio 

Get SALT Encoding   

  12  0:00  SCV  
  13  0:12  SCV  
  14  0:17  Supply Depot  
  14  0:24  SCV  
  14  0:27  Refinery  
  15  0:39  SCV  
  16  0:44  Barracks  
  16  0:51  SCV  
  17  1:03  SCV  
  18  1:15  SCV  
  19  1:30  Orbital Command  
  19  1:31  Reaper  
  20  1:43  Command Center  
  20  1:52  Factory  
  20  1:56  SCV  
  21  2:06  Barracks Reactor  
  22  2:08  Refinery, SCV  
  22  2:13  Supply Depot  
  22  2:20  SCV  
  23  2:34  SCV  
  24  2:40  Starport  
  24  2:41  Marine  
  24  2:42  Marine  
  26  2:45  Widow Mine  
  26  2:47  SCV  
  29  2:55  Orbital Command  
  29  2:59  SCV  
  29  3:01  Marine x2  
  32  3:11  SCV  
  33  3:13  Widow Mine  
  33  3:16  Medivac  
  33  3:19  Marine x2  
  39  3:25  SCV x2  
  39  3:30  Barracks  
  39  3:37  SCV  
  39  3:38  SCV  
  39  3:40  Supply Depot, Marine x2  
  43  3:43  Factory Tech Lab  
  43  3:49  Supply Depot, SCV  
  43  3:50  SCV  
  45  3:58  Marine  
  45  4:01  Siege Tank, Marine  
  50  4:03  SCV x2  
  50  4:08  Engineering Bay  
  52  4:15  SCV x2  
  54  4:17  Marine, Barracks Tech Lab  
  54  4:19  Marine  
  54  4:23  Supply Depot  
  56  4:27  SCV x2  
  58  4:33  Siege Tank  
  58  4:36  Stimpack, Marine  
  62  4:44  SCV x2, Marine x2  
  64  4:45  Supply Depot  
  64  4:48  Terran Infantry Weapons Level 1  
  64  4:51  Barracks  
  62  4:54  Refinery, Marine  
  62  4:55  Refinery  
  62  4:57  SCV x2  
  65  5:02  Starport Reactor, Supply Depot  
  65  5:04  Marine x2  
  67  5:09  SCV x2  
  67  5:13  Factory Reactor, Supply Depot  
  69  5:23  SCV x2, Missile Turret  
  69  5:25  Marauder, Marine x2  
  75  5:35  SCV x2  
  77  5:40  Missile Turret  
  77  5:43  Marine x2  
  77  5:46  Medivac x2  
  77  5:47  Marauder  
  77  5:49  Combat Shields  
  85  5:50  Marauder  
  85  5:54  Widow Mine x2  
  91  5:59  Supply Depot x2  
  91  6:03  Liberator  
  91  6:05  Supply Depot, Marine x2  
  91  6:07  SCV  
  91  6:08  Liberator  
  94  6:20  Marauder x2  
  101  6:28  Marine x2  
  101  6:30  Widow Mine x2  
  110  6:35  Supply Depot  
  110  6:37  Concussive Shells  
  110  6:39  Supply Depot  
  110  6:42  Marauder  
  110  6:43  Marauder  
  113  6:50  Marine x2  
  115  6:59  Widow Mine x2, Supply Depot  
  115  7:11  Marauder x2, Marine x2  
  108  7:15  SCV x2  
  102  7:27  SCV  
  102  7:28  SCV  
  109  7:45  SCV x2  
Tags
 
Add a new tag
Caveats
  • Supply blocks, unpowered buildings, or Contaminate may cause inaccurate times.
  • Supply counts are checked every 10 seconds.